 Dungeon Crawl Stone Soup version 0.31.0-11-ge490571c62 (webtiles) character file.

Game seed: 14185272697007585326

153 Gadfly the Ruffian (level 5, -3/38 HPs)
             Began as a Demonspawn Shapeshifter on Jan 27, 2024.
             Was an Initiate of Ru.
             Killed by divine providence
             ... invoked by an orc priest
              (16 damage)
             ... on level 4 of the Dungeon.
             The game lasted 00:03:03 (2470 turns).

Gadfly the Ruffian (Demonspawn Shapeshifter)        Turns: 2470, Time: 00:03:04

Health: -3/38      AC:  3    Str: 16    XL:     5   Next: 12%
Magic:  5/5        EV: 13    Int: 11    God:    Ru [......]
Gold:   150        SH:  4    Dex: 18    Spells: 4/4 levels left

rFire   . . .        b - +2 quarterstaff (chaos)
rCold   . . .        (shield currently unavailable)
rNeg    . . .        a - +1 animal skin
rPois   .            (helmet currently unavailable)
rElec   .            l - melded +2 cloak {Will+}
rCorr   .            (gloves currently unavailable)
SInv    +            (boots currently unavailable)
Will    .....        (no amulet)
Stlth   ++           o - ring of Offont {Fly SInv}
HPRegen 0.26/turn    r - +6 ring of dexterity
MPRegen 0.09/turn

%: no passive effects
@: beast-form, flying
A: beast (slay +1), claws 1, condensation shield
a: Begin Untransformation, Renounce Religion


You were on level 4 of the Dungeon.
You worshipped Ru.
Ru was noncommittal.
You were a hulking beast.
You visited 1 branch of the dungeon, and saw 4 of its levels.

You collected 150 gold pieces.

Inventory:

Hand Weapons
 b - a +2 quarterstaff of chaos (weapon)
Armour
 a - a +1 animal skin (worn)
 l - a +2 cloak of willpower (melded)
Jewellery
 o - the ring of Offont (left claw) {Fly SInv}
   (You found it on level 3 of the Dungeon)

   [ring of flight]

   SInv:      It lets you see invisible.
   Fly:       It grants you flight.
 r - a +6 ring of dexterity (right claw)
 s - an amulet of faith
Talismans
 c - a beast talisman (active)
 d - a flux talisman
Scrolls
 h - a scroll of silence
 q - a scroll of teleportation
Potions
 e - a potion of might
 f - a potion of heal wounds
 g - a potion of degeneration {unknown}
 i - 2 potions of resistance
 j - a potion of enlightenment {unknown}
 k - a potion of curing
 m - 3 potions of lignification
 n - a potion of cancellation {unknown}
 p - a potion of brilliance {unknown}
 u - a potion of mutation


   Skills:
 + Level 2.0 Fighting
 * Level 2.9 Dodging
 + Level 3.2 Unarmed Combat
 * Level 2.2 Evocations
 + Level 3.1 Shapeshifting


You had 4 spell levels left.
You didn't know any spells.
Your spell library contained the following spells:

 Spells                   Type           Power      Damage    Failure   Level
 Magic Dart               Conj           0%         1d3       34%         1


Dungeon Overview and Level Annotations

Branches:
Dungeon (4/15)
 Temple: D:4-7

Altars:
Ru


Innate Abilities, Weirdness & Mutations

You are a hulking beast.
Your limbs bulge with bestial killing power. (Slay +1)
You have sharp fingernails.
A meltable shield of frost defends you. (SH +4)


Message History

No target in view!
No target in view!
q - a scroll of teleportation No target in view!
s - an amulet of faith No target in view!
You now have 150 gold pieces (gained 11).
You swap places.
You reach down and open the door.
An orc wizard and 2 orcs come into view.
There are monsters nearby!
There are monsters nearby!
You swap places.
An orc priest comes into view. It is wielding a +0 mace.
The orc shouts!
The orc priest shouts!
An orc comes into view. It is wielding a +0 flail.
There is an open door here.
The orc closely misses you.
You closely miss the orc.
The orc wizard casts a spell.
The orc wizard flickers and vanishes for a moment.
The orc barely misses you.
The orc priest mumbles some strange prayers to Beogh against you.
Beogh smites you!
The orc priest calls down the wrath of Beogh upon you.
Beogh smites you!
* * * LOW HITPOINT WARNING * * *
You are too injured to fight recklessly!
Unknown command.
You are too injured to fight recklessly!
You swap places.
Your orc zombie hits the orc but does no damage.
The orc hits your orc zombie with a +0 flail.
There is an open door here.
Your orc zombie hits the orc but does no damage.
The orc hits your orc zombie with a +0 flail!
Your orc zombie is destroyed!
The orc priest mumbles some strange prayers to Beogh against you.
Beogh smites you!
You die...

#################
................#
#######.........#
#.........#### ####
#.........#.. .....
#.........#.#
.....o###.........#.#######
.....ooo'o....h...........(
...
......###.........#.#######
#.# ..... #.........#.# #.#
+### #.........#.#
#....##.# #########.#.#
#....##.# #.#.# #....##.#
#.#.# #....##.# #.#.#
#....##.# #.# #....##..


You could see an orc priest and an orc.

Vanquished Creatures
  A jelly (D:4)
  Crazy Yiuf (D:2)
  3 adders
  4 dart slugs
  A ribbon worm (D:3)
  4 orcs
  3 bats
  3 endoplasms
  A giant cockroach (D:2)
  7 goblins
  2 hobgoblins (D:3)
  4 jackals (D:2)
  3 kobolds
  3 quokkas (D:1)
  6 ball pythons
  A frilled lizard (D:3)
  4 rats
51 creatures vanquished.

Vanquished Creatures (others)
  An orc zombie (D:4)
1 creature vanquished.

Grand Total: 52 creatures vanquished

Notes
Turn   | Place    | Note
-------+----------+-------------------------------------------
     0 | D:1      | Gadfly the Demonspawn Shapeshifter began the quest for the
                  | Orb.
     0 | D:1      | Reached XP level 1. HP: 15/15 MP: 1/1
   304 | D:1      | Gained mutation: A meltable shield of frost defends you.
                  | (SH +4) [demonic ancestry]
   304 | D:1      | Reached XP level 2. HP: 19/21 MP: 2/2
   631 | D:2      | Reached skill level 1 in Evocations
   736 | D:2      | Reached XP level 3. HP: 26/26 MP: 3/3
  1279 | D:2      | Found a runed translucent door.
  1280 | D:2      | Noticed Crazy Yiuf
  1286 | D:2      | HP: 1/26 [Crazy Yiuf/+2 quarterstaff of chaos (15)]
  1288 | D:2      | Killed Crazy Yiuf
  1289 | D:2      | Reached XP level 4. HP: 2/33 MP: 4/4
  1478 | D:3      | Identified the ring of Offont {Fly SInv}
  1714 | D:3      | Found a faded altar of an unknown god.
  1735 | D:3      | Got Plato's Spellbook of the Discharge
  2329 | D:4      | Found a sacrificial altar of Ru.
  2369 | D:4      | Became a worshipper of Ru the Awakened
  2414 | D:4      | Gained mutation: You have sharp fingernails. [demonic
                  | ancestry]
  2414 | D:4      | Reached XP level 5. HP: 33/38 MP: 5/5
  2470 | D:4      | Killed from afar by an orc priest

Illustrated notes

Levels and vault maps discovered:
D:1:      elethiomel_arrival_maze, layout_basic
D:2:      layout_rooms, uniq_crazy_yiuf_cottage
D:3:      layout_basic, shapermc_ecumenical_altar_rom_forum
D:4:      layout_basic, nicolae_ru_awakened_eye, nicolae_overflow_squiral

Skill      XL: |  1  2  3  4 |
---------------+-------------+-----
Dodging        | 2 |  2.9
Evocations     | 1 2 |  2.2
Unarmed Combat | 3 |  3.2
Shapeshifting  | 3 |  3.1
Fighting       | 2 |  2.0

Action                     |  1- 3 |  4- 6 || total
---------------------------+-------+-------++-------
  Melee: Unarmed           |   107 |       ||   107
         Punch             |     3 |       ||     3
         Quarterstaff      |       |    38 ||    38
Ability: Begin Untransform |       |     1 ||     1
    Use: Scroll            |     2 |     6 ||     8
         Potion            |       |     2 ||     2
   Stab: Sleeping          |     2 |     1 ||     3
 Armour: Animal skin       |    52 |    16 ||    68
  Dodge: Dodged            |    62 |    22 ||    84
  Block: Other             |    14 |     3 ||    17
   Form: Beast             |       |     1 ||     1
